 Dungeon Crawl Stone Soup version 0.25-a0-591-g2ad0d861f1 (webtiles) character file.

Game seed: 4248898650577855602, levelgen mode: deterministic

102 Devinter the Skirmisher (level 4, 0/37 HPs)
             Began as a Demonspawn Monk on Mar 14, 2020.
             Succumbed to a gnoll's poison
             ... on level 3 of the Dungeon.
             The game lasted 00:20:01 (3051 turns).

Devinter the Skirmisher (Demonspawn Monk)           Turns: 3051, Time: 00:20:01

Health: 0/37       AC:  4    Str: 12    XL:     4   Next: 49%
Magic:  0/4        EV: 14    Int: 11    God:
Gold:   141        SH:  0    Dex: 18    Spells: 2/3 levels left

rFire    . . .     SeeInvis .   a - +0 falchion
rCold    + . .     Gourm    .   (no shield)
rNeg     . . .     Faith    .   b - +0 robe
rPois    .         Spirit   +   (no helmet)
rElec    .         Reflect  .   x - +0 cloak
rCorr    .         Harm     .   (no gloves)
MR       .....                  t - +0 pair of boots (curse)
Stlth    +++.......             p - amulet of guardian spirit
HPRegen  0.12/turn              j - ring of wizardry
MPRegen  0.09/turn              v - ring of ice

@: brilliant, lethally poisoned (0 -> -4)
A: thin skeletal structure 1, fire resistance 1, sense surroundings 1, powered
by pain 1
a: no special abilities


You were on level 3 of the Dungeon.
You were very hungry.

You visited 1 branch of the dungeon, and saw 3 of its levels.

You collected 141 gold pieces.

Inventory:

Hand Weapons
 a - a +0 falchion (weapon)
Missiles
 d - 55 arrows
 g - 21 poisoned darts (quivered)
 u - 19 bolts
Armour
 b - a +0 robe (worn)
 n - a +0 chain mail
 t - a cursed +0 pair of boots (worn)
 x - a +0 cloak (worn)
 y - a +0 plate armour
Jewellery
 j - a ring of wizardry (left hand)
 o - an uncursed amulet of regeneration
 p - an amulet of guardian spirit (around neck)
 r - an uncursed ring of flight
 v - a ring of ice (right hand)
Scrolls
 e - 2 scrolls of magic mapping {unknown}
 f - a scroll of noise {unknown}
 h - 7 scrolls of remove curse
 i - 4 scrolls of teleportation {unknown}
 l - 3 scrolls of identify
 s - a scroll of fear {unknown}
 w - a scroll of random uselessness {unknown}
Potions
 k - a potion of brilliance
 m - a potion of heal wounds {unknown}
 q - a potion of mutation
Comestibles
 c - 9 rations


   Skills:
 + Level 3.7 Fighting
 + Level 3.4 Long Blades
 + Level 1.4 Armour
 - Level 3.0 Dodging
 - Level 2.0 Stealth
 + Level 0.4 Spellcasting
 + Level 0.6 Hexes


You had 2 spell levels left.
You knew the following spells:

 Your Spells              Type           Power        Failure   Level  Hunger
a - Corona                Hex            #......      11%         1    None

Your spell library contained the following spells:

 Spells                   Type           Power        Failure   Level  Hunger
 Animate Skeleton         Necr           N/A          14%         1    None
 Apportation              Tloc           #.....       14%         1    None
 Summon Small Mammal      Summ           #...         14%         1    None


Dungeon Overview and Level Annotations

Branches:
Dungeon (3/15)

Altars:


Innate Abilities, Weirdness & Mutations

You have a somewhat thin skeletal structure. (Dex +2, Stealth)
You sometimes gain a little power by taking damage.
Your flesh is heat resistant. (rF+)
You passively map a small area around you.


Message History

* * * LOW HITPOINT WARNING * * *
You barely miss the gnoll.
The gnoll is almost dead.
* * * LOW HITPOINT WARNING * * *
You feel sick. The gnoll barely misses you.
You closely miss the gnoll.
The gnoll is almost dead.
The gnoll misses you.
You closely miss the gnoll.
The gnoll is almost dead.
* * * LOW HITPOINT WARNING * * *
You feel sick. The gnoll hits you with a +0 club.
* * * LOW MAGIC WARNING * * *;
* * * LOW HITPOINT WARNING * * *
It was a potion of brilliance.
You feel clever all of a sudden. The gnoll barely misses you.
It was a potion of mutation.
You feel extremely strange.
You feel a strange attunement to the structure of the dungeons.
You feel resistant to heat.
You die...

....#.##.# #.#
.#.##.##.# ####### #.#
.#.....#.# #.†...# #.#
.####..#.# #.###.### #.#
.# #..#.# #.#.....# #.#
## #..#.###.#.#.#.# #.#
...#.....#.#.#.######.##
...#######.#g#.#..†....#
...# #.#@#.##.###### ..#
#.#)#.##.# , *
#.#.#.##.# , #.#(#.##.#
#.#.##.# #.#.##.# *
#(#.##.# * #.#.##.#
#.#.##.#


You could see a gnoll.

Vanquished Creatures
  2 gnolls (D:3)
  3 adders (D:2)
  A worm (D:2)
  A leopard gecko (D:2)
  A ball python (D:1)
  3 giant cockroaches
  5 goblins
  7 hobgoblins
  7 jackals
  A quokka (D:3)
  5 bats
  3 frilled lizards (D:2)
  5 kobolds
  6 rats
50 creatures vanquished.

Notes
Turn   | Place    | Note
-------+----------+-------------------------------------------
     0 | D:1      | Devinter the Demonspawn Monk began the quest for the Orb.
     0 | D:1      | Reached XP level 1. HP: 18/18 MP: 1/1
   388 | D:1      | Reached skill level 2 in Stealth
   497 | D:1      | Gained mutation: You sometimes gain a little power by
                  | taking damage. [demonic ancestry]
   497 | D:1      | Reached XP level 2. HP: 24/24 MP: 2/2
   918 | D:2      | Reached skill level 3 in Long Blades
   918 | D:2      | Reached skill level 3 in Dodging
  1019 | D:2      | Reached XP level 3. HP: 23/29 MP: 3/3
  1640 | D:2      | Reached skill level 1 in Armour
  1902 | D:2      | Learned a level 1 spell: Corona
  1937 | D:2      | Gained mutation: You have a somewhat thin skeletal
                  | structure. (Dex +2, Stealth) [demonic ancestry]
  1937 | D:2      | Reached XP level 4. HP: 28/36 MP: 4/4
  3047 | D:3      | HP: 3/37 [poisoned by a gnoll]
  3049 | D:3      | HP: 1/37 [gnoll/+0 club (2)]
  3051 | D:3      | Gained mutation: You passively map a small area around you.
                  | [potion of mutation]
  3051 | D:3      | Gained mutation: Your flesh is heat resistant. (rF+)
                  | [potion of mutation]
  3051 | D:3      | Succumbed to a gnoll's poison

Levels and vault maps discovered:
D:1:      ebering_trefoil_twist, layout_basic, minivault_14
D:2:      minmay_skewed_foursquare, layout_basic, first_ration, minmay_bisected
D:3:      layout_basic, kennysheep_slug_shrine

Skill      XL: |  1  2  3 |
---------------+----------+-----
Stealth        | 2 |  2.0
Long Blades    | 3 |  3.4
Dodging        | 3 |  3.0
Armour         | 1 |  1.4
Fighting       | |  3.7
Spellcasting   | |  0.4
Hexes          | |  0.6

Action                   |  1- 3 |  4- 6 || total
-------------------------+-------+-------++-------
Melee: Falchion          |   161 |    67 ||   228
Throw: Dart              |     4 |     4 ||     8
  Use: Scroll            |       |     3 ||     3
       Potion            |       |     2 ||     2
 Stab: Sleeping          |     1 |     3 ||     4
  Eat: Chunk             |     3 |     3 ||     6
Armor: Robe              |    11 |    11 ||    22
       Chain mail        |    67 |       ||    67
Dodge: Dodged            |    65 |    44 ||   109
       Rpst.: Falchion   |    28 |    10 ||    38

Table legend:
 A = Non-vault XP
 B = Vault XP
 C = Vault XP percentage of total XP
 D = Non-vault monster count
 E = Vault monster count
 F = Vault count percentage of total count
                 A         B        C        D         E       F
            +---------+---------+-------+---------+---------+-------
      Total |     119 |      27 |  18.5 |      42 |       8 |  16.0
            +---------+---------+-------+---------+---------+-------
        D:1 |      18 |       0 |   0.0 |      12 |       0 |   0.0
        D:2 |      54 |      27 |  33.3 |      17 |       8 |  32.0
        D:3 |      47 |       0 |   0.0 |      13 |       0 |   0.0
            +---------+---------+-------+---------+---------+-------
